 Dungeon Crawl Stone Soup version 0.18.1-8-gdd0e5ea (webtiles) character file.

101 Mefis the Magician (level 4, -4/24 HPs)
             Began as a Deep Elf Wizard on May 21, 2016.
             Slain by an orc
             ... wielding a +0 flail
              (8 damage)
             ... on level 3 of the Dungeon.
             The game lasted 00:08:51 (3428 turns).

Mefis the Magician (Deep Elf Wizard)                Turns: 3428, Time: 00:08:52

Health: -4/24      AC:  3    Str:  4    XL:     4   Next: 48%
Magic:  1/13       EV: 13    Int: 24    God:
Gold:   166        SH:  0    Dex: 13    Spells: 5 memorised, 3 levels left

rFire  . . .     SeeInvis .     g - +0 dagger
rCold  . . .     Gourm    .     a - +0 robe
rNeg   . . .     Faith    .     (no shield)
rPois  .         Spirit   .     b - +0 hat
rElec  .         Dismiss  .     y - +0 cloak
rCorr  .         Reflect  .     (no gloves)
SustAt .         Harm     .     (no boots)
MR     .....                    (no amulet)
Stlth  ++........               (no ring)
                                (no ring)

@: very slightly contaminated, not resistant to hostile enchantments, unstealthy
A: beak
a: no special abilities


You were on level 3 of the Dungeon.
You were hungry.

You visited 1 branch of the dungeon, and saw 4 of its levels.

You collected 166 gold pieces.

Inventory:

Hand Weapons
 g - a +0 dagger (weapon)
 i - a +0 hunting sling
Missiles
 j - 25 arrows
 m - 34 poisoned needles
Armour
 a - a +0 robe (worn)
 b - a +0 hat (worn)
 y - a +0 cloak (worn)
Jewellery
 n - an uncursed ring of ice {unknown}
Scrolls
 f - 4 scrolls of identify {unknown}
 h - a scroll of teleportation {unknown}
 k - a scroll of fear {unknown}
 l - a scroll of remove curse {unknown}
 o - a scroll of amnesia {unknown}
 q - 2 scrolls of noise {unknown}
 s - 2 scrolls of immolation {unknown}
 x - 3 scrolls of enchant weapon {unknown}
Potions
 e - a potion of might
 p - 2 potions of haste {unknown}
 t - 2 potions of heal wounds {unknown}
 v - a potion of cancellation {unknown}
Books
 c - a book of Minor Magic

   Spells                             Type                      Level
   a - Magic Dart                     Conjuration                  1
   b - Blink                          Translocation                2
   c - Call Imp                       Summoning                    2
   d - Repel Missiles                 Charms/Air                   2
   e - Slow                           Hexes                        2
   f - Conjure Flame                  Conjuration/Fire             3
   g - Mephitic Cloud                 Conjuration/Poison/Air       3
Comestibles
 d - 3 bread rations
 u - a meat ration
 w - 2 chunks of flesh
 z - a beef jerky


   Skills:
 + Level 3.2 Dodging
 + Level 3.9 Stealth
 + Level 5.0 Spellcasting
 * Level 2.5 Conjurations
 + Level 1.4 Summonings
 - Level 1.1 Translocations
 + Level 0.7 Poison Magic


You had 3 spell levels left.
You knew the following spells:

 Your Spells              Type           Power        Failure   Level  Hunger
a - Magic Dart            Conj           ###.         3%          1    None
b - Call Imp              Summ           ##......     10%         2    None
c - Blink                 Tloc           N/A          12%         2    None
d - Repel Missiles        Chrm/Air       #.....       14%         2    None
e - Mephitic Cloud        Conj/Pois/Air  ##......     21%         3    ##.....


Dungeon Overview and Level Annotations

Branches:
Dungeon (4/15)
 Temple: D:4-7

Altars:
Trog
Yredelemnul


Innate Abilities, Weirdness & Mutations

You have a beak for a mouth.


Message History

Aim: an orc, wielding a flail (moderately wounded)
The magic dart hits the orc.
The orc is severely wounded.
The orc hits you but does no damage.
Casting: Magic Dart
Confirm with . or Enter, or press ? or * to list all spells.
Aiming: Magic Dart
Press: ? - help, Shift-Dir - straight line, f/p - orc
Aim: an orc, wielding a flail (severely wounded)
The magic dart hits the orc.
The orc is almost dead.
The orc hits you with a flail.
Wield which item (- for none, * to show all)? (? for menu, Esc to quit)
g - a +0 dagger (weapon)
You hit the orc but do no damage.
The orc is almost dead.
The orc hits you with a flail!
* * * LOW HITPOINT WARNING * * *
The orc hits you with a flail!
You die...

####(...#..##.#
#####.####### #
#.###......# #.# #
#.##..P.P..# #.# #
##.##..._...########.# #
###...#..P.P...........#
#
..............##########
# ###...####.####### #
##.## #......o># # #.#
#..#####@# # #.# #..#
#.################
##.####..#
#................#
#........#
##############.###
#.†####.## #.......#
#..# #.# #.###...# #..#
#.# #.# #.#.# #..####.#
####### #.###.#.#
#.....#.#
#..<..###........


You could see an orc.

Vanquished Creatures
  An adder (D:4)
  An ooze (D:1)
  2 worms
  3 dart slugs
  A giant gecko (D:1)
  7 bats
  2 giant cockroaches (D:2)
  8 hobgoblins
  9 jackals
  5 kobolds
  3 giant newts (D:2)
  8 goblins
  7 rats
57 creatures vanquished.

Vanquished Creatures (collateral kills)
  2 adders (D:2)
  A goblin (D:3)
  2 hobgoblins (D:3)
5 creatures vanquished.

Grand Total: 62 creatures vanquished

Notes
Turn   | Place    | Note
--------------------------------------------------------------
     0 | D:1      | Mefis the Deep Elf Wizard began the quest for the Orb.
     0 | D:1      | Reached XP level 1. HP: 10/10 MP: 7/7
   376 | D:1      | Reached XP level 2. HP: 15/15 MP: 7/9
   380 | D:1      | Learned a level 2 spell: Call Imp
   383 | D:1      | Learned a level 2 spell: Blink
   386 | D:1      | Learned a level 2 spell: Repel Missiles
  1285 | D:2      | Reached XP level 3. HP: 19/19 MP: 9/11
  1290 | D:2      | Learned a level 3 spell: Mephitic Cloud
  1570 | D:2      | Gained mutation: You have a beak for a mouth. [potion of beneficial mutation]
  2080 | D:2      | You fall through a shaft!
  2080 | D:3      | Found a bloodstained altar of Trog.
  2303 | D:2      | Reached XP level 4. HP: 15/24 MP: 0/12
  2899 | D:3      | Found a basalt altar of Yredelemnul.
  3286 | D:4      | Reached skill level 5 in Spellcasting
  3428 | D:3      | Slain by an orc

Skill      XL: |  1  2  3  4 |
---------------+-------------+-----
Stealth        | 3 |  3.9
Dodging        | 3 |  3.2
Conjurations   | 2 |  2.5
Spellcasting   | 5 |  5.0
Summonings     | |  1.4
Translocations | |  1.1
Poison Magic   | |  0.7

Action                   |  1- 3 |  4- 6 || total
-------------------------+-------+-------++-------
Melee: Unarmed           |     4 |       ||     4
       Dagger            |    15 |     4 ||    19
       Peck              |     2 |     1 ||     3
 Fire: Hunting sling     |       |     4 ||     4
 Cast: Magic Dart        |    93 |    44 ||   137
       Mephitic Cloud    |     2 |     3 ||     5
       Call Imp          |     2 |       ||     2
       Repel Missiles    |     1 |       ||     1
  Use: Potion            |     3 |       ||     3
 Stab: Sleeping          |     2 |     1 ||     3
  Eat: Chunk             |     4 |     3 ||     7
Armor: Robe              |     7 |     1 ||     8
Dodge: Dodged            |    30 |     4 ||    34
       Deflected         |     1 |       ||     1
